Bears vs Wolves
(R1)
Created - June 27, 2022 at 20:20
Goals
|
| Bears |
1 |
1 |
0 |
2 |
| Wolves |
0 |
1 |
2 |
3 |
|
Shots
|
| Bears |
11 |
15 |
10 |
36 |
| Wolves |
11 |
12 |
12 |
35 |
|
1st period
1. Bears , Zach Stepan 25 (Nicolas Aube-Kubel 38, Tommy Vannelli 14) at 15:10 (PP)
Penalties :
Austin Wuthrich (Her) for High sticking (Minor) at 2:23, Jake Virtanen (Her) for Interference (Minor) at 9:43, Thomas Spelling (Chi) for Interference (Minor) at 14:34, Taylor Aronson (Her) for Hooking (Minor) at 15:46
2nd period
2. Wolves , Anton Lindholm 5 (Alexandre Grenier 73, Kyle Rau 81) at 9:44 (PP)
3. Bears , Dylan Gambrell 9 (Austin Wuthrich 28, Brendan Perlini 20) at 13:15
Penalties :
Jeff Petry (Chi) for Hooking (Minor) at 1:57, Thomas Spelling (Chi) for Delaying the game (Minor) at 7:10, Brett Bulmer (Her) for Hooking (Minor) at 9:32, Jeffrey Foss (Chi) for Goalie Interference (Minor) at 10:08
3rd period
4. Wolves , Victor Olofsson 32 (Jeffrey Foss 44, Antti Suomela 15) at 3:33
5. Wolves , Thomas Spelling 30 (Sebastian Aho 50, Jalen Chatfield 5) at 17:07
Penalties :
Mike Hoffman (Her) for Interference (Minor) at 2:07, Lawson Crouse (Chi) for Tripping (Minor) at 2:37, Fredrik Olofsson (Chi) for High sticking (Minor) at 4:51
Goalie Stats
Jake Allen (Her), 32 saves from 35 shots - (0.914), L, 27-27-4, 59:31 minutes
Laurent Brossoit (Chi), 34 saves from 36 shots - (0.944), W, 36-11-8, 60:00 minutes
Players Stats for Bears
Player Name G A P +/- PIM S H SB GA TA FO MP PP MP PK MP
------------------------------------------------------------------------------------
Angelo Esposito 0 0 0 0 0 0 1 0 1 0 7/15 14:09 0:04 0:50
Austin Wuthrich 0 1 1 0 2 4 6 0 0 1 0/0 10:56 0:04 0:00
Brendan Perlini 0 1 1 0 0 2 1 0 0 0 1/1 11:43 0:04 0:58
Brett Bulmer 0 0 0 0 2 1 1 0 0 0 0/0 7:51 0:00 0:00
Derek Forbort 0 0 0 0 0 1 3 2 0 1 0/0 23:10 4:21 4:06
Dylan Gambrell 1 0 1 0 0 4 2 0 0 0 15/24 16:39 4:52 0:00
Gianluca Curcuruto 0 0 0 -1 0 1 0 1 0 0 0/0 15:45 1:21 0:52
Jake Virtanen 0 0 0 0 2 2 3 0 2 0 0/0 18:59 4:52 0:00
Jamie McGinn 0 0 0 0 0 2 1 0 0 1 2/2 17:29 4:06 2:05
Joey Laleggia 0 0 0 0 0 3 1 2 0 0 0/0 21:12 3:20 4:06
Kerby Rychel 0 0 0 0 0 4 2 0 0 0 0/0 8:18 0:00 0:00
Michael Prapavessis 0 0 0 1 0 0 0 0 0 0 0/0 12:17 0:51 0:00
Mike Hoffman 0 0 0 0 2 2 1 0 1 1 0/2 17:01 4:52 0:00
Nicolas Aube-Kubel 0 1 1 -1 0 3 4 0 1 0 0/1 19:48 4:06 3:36
Taylor Aronson 0 0 0 -1 2 2 0 1 1 1 0/0 26:15 4:58 1:41
Tommy Vannelli 0 1 1 -1 0 1 0 3 1 2 0/0 20:36 3:13 2:33
Vincent Dunn 0 0 0 0 0 0 0 0 0 1 2/6 10:05 0:00 2:05
Zach Stepan 1 0 1 -1 0 4 1 1 0 1 5/17 19:34 4:06 3:44
Players Stats for Wolves
Player Name G A P +/- PIM S H SB GA TA FO MP PP MP PK MP
------------------------------------------------------------------------------------
Alexandre Grenier 0 1 1 0 0 5 0 0 3 0 0/1 18:05 3:55 0:00
Anton Lindholm 1 0 1 0 0 3 0 1 1 1 0/0 18:45 2:38 3:02
Antti Suomela 0 1 1 0 0 4 1 1 0 0 3/4 11:22 0:00 0:45
Dylan Coghlan 0 0 0 0 0 0 0 0 0 0 0/0 0:00 0:00 0:00
Eric Robinson 0 0 0 1 0 1 1 2 0 0 0/0 18:04 2:39 3:17
Fredrik Olofsson 0 0 0 -1 2 0 0 0 0 1 0/1 10:36 0:05 0:09
Jake Evans 0 0 0 0 0 2 0 0 0 0 0/1 6:09 0:00 0:00
Jakub Zboril 0 0 0 1 0 0 0 1 0 0 0/0 8:21 0:00 0:00
Jalen Chatfield 0 1 1 1 0 0 2 0 0 0 0/0 8:21 0:00 0:00
Jeff Petry 0 0 0 0 2 1 0 1 0 0 0/0 17:16 2:38 2:17
Jeffrey Foss 0 1 1 0 2 1 2 2 0 2 0/0 28:35 4:01 4:48
Joe Morrow 0 0 0 0 0 1 4 2 3 0 0/0 29:42 4:01 6:00
Kale Clague 0 0 0 0 0 0 0 1 0 0 0/0 3:12 0:00 0:00
Kevin Stenlund 0 0 0 0 0 0 0 0 0 0 0/0 0:00 0:00 0:00
Kieffer Bellows 0 0 0 0 0 0 1 0 0 0 1/1 6:09 0:00 0:00
Kyle Rau 0 1 1 0 0 1 2 0 1 2 26/46 24:55 3:55 5:29
Lawson Crouse 0 0 0 0 2 2 2 0 0 1 0/1 23:14 3:51 5:05
Liam O'Brien 0 0 0 0 0 0 0 0 0 0 0/0 0:00 0:00 0:00
Matthew Highmore 0 0 0 0 0 0 0 0 0 0 0/0 0:00 0:00 0:00
Samuel Girard 0 0 0 0 0 0 0 0 0 0 0/0 5:56 0:00 1:57
Sebastian Aho 0 1 1 1 0 4 0 0 0 0 4/10 16:55 2:39 2:20
Thomas Spelling 1 0 1 1 4 5 2 1 1 0 1/2 16:24 2:39 0:59
Victor Olofsson 1 0 1 0 0 3 0 0 0 0 1/1 11:06 0:08 0:00
Wade Allison 0 0 0 0 0 2 0 0 0 0 0/0 6:09 0:00 0:00
Zachary Senyshyn 0 0 0 0 0 0 0 0 0 0 0/0 0:07 0:05 0:00
3 Stars
1 - Laurent Brossoit (Chi)
2 - Dylan Gambrell (Her)
3 - Anton Lindholm (Chi)
Power Play
Bears - 1 on 6 Attempt(s) - 16.67%
Wolves - 1 on 5 Attempt(s) - 20.00%
Penalty Kill
Bears - 4 on 5 Attempt(s) - 80.00%
- Score 0 goal in Penalty Kill
Wolves - 5 on 6 Attempt(s) - 83.33%
- Score 0 goal in Penalty Kill
Team Stat
Bears - Hits : 27 - Faceoff Wins : 32 - Blocked Shots : 10 - Penalty Minutes : 10
Wolves - Hits : 17 - Faceoff Wins : 36 - Blocked Shots : 12 - Penalty Minutes : 12
Official
Referees : Peter MacDougall and Ghislain Hebert
Linesman : Derek Nansen and Trent Knorr
Game Notes
Joey Laleggia is injured at 4:02 of 3rd period (Right Knee)
Finance
Level 1 -- Attendance: 1917 (95.85%) -- Ticket Income $67,095
Level 2 -- Attendance: 920 (92.00%) -- Ticket Income $13,800
Total Attendance: 2837 (94.57%)
Total Ticket Income: $80,895
Other Income: $4,045
Total Income: $84,940
Bears
5 vs 5 Forward
Center Left Wing Right Wing Time % Phy DF OF
1 Angelo Esposito Mike Hoffman Jake Virtanen 35 0 1 4
2 Zach Stepan Jamie McGinn Nicolas Aube-Kubel 30 0 2 3
3 Dylan Gambrell Brendan Perlini Austin Wuthrich 20 0 2 3
4 Vincent Dunn Kerby Rychel Brett Bulmer 15 0 2 3
5 vs 5 Defense
Defense Defense Time % Phy DF OF
1 Joey Laleggia Taylor Aronson 40 0 2 3
2 Derek Forbort Tommy Vannelli 30 0 2 3
3 Michael Prapavessis Gianluca Curcuruto 20 0 3 2
4 Joey Laleggia Taylor Aronson 10 0 2 3
PowerPlay Forward
Center Left Wing Right Wing Time % Phy DF OF
1 Dylan Gambrell Mike Hoffman Jake Virtanen 60 0 1 4
2 Zach Stepan Jamie McGinn Nicolas Aube-Kubel 40 0 1 4
PowerPlay Defense
Defense Defense Time % Phy DF OF
1 Joey Laleggia Taylor Aronson 60 0 2 3
2 Derek Forbort Tommy Vannelli 40 0 2 3
Penalty Kill 4 Players Forward
Center Wing Time % Phy DF OF
1 Zach Stepan Nicolas Aube-Kubel 60 0 4 1
2 Vincent Dunn Jamie McGinn 40 0 4 1
Penalty Kill 4 Players Defense
Defense Defense Time % Phy DF OF
1 Joey Laleggia Derek Forbort 60 0 4 1
2 Taylor Aronson Tommy Vannelli 40 0 4 1
Penalty Kill - 3 Players Forward
Forward Time % Phy DF OF
1 Zach Stepan 60 0 5 0
2 Vincent Dunn 40 0 5 0
Penalty Kill - 3 Players Defense
Defense Defense Time % Phy DF OF
1 Joey Laleggia Tommy Vannelli 60 0 5 0
2 Taylor Aronson Michael Prapavessis 40 0 5 0
4 vs 4 Forward
Center Wing Time % Phy DF OF
1 Dylan Gambrell Jake Virtanen 55 0 2 3
2 Zach Stepan Mike Hoffman 45 0 2 3
4 vs 4 Defense
Defense Defense Time % Phy DF OF
1 Joey Laleggia Taylor Aronson 60 0 2 3
2 Gianluca Curcuruto Tommy Vannelli 40 0 2 3
Last Minutes Offensive
Center Left Wing Right Wing Defense Defense
Dylan Gambrell Kerby Rychel Jake Virtanen Joey Laleggia Taylor Aronson
Last Minutes Defensive
Center Left Wing Right Wing Defense Defense
Zach Stepan Kerby Rychel Nicolas Aube-Kubel Joey Laleggia Taylor Aronson
Goaltenders
Starting : Jake Allen
Backup : Magnus Hellberg
Extra Forwards
Normal : Jake Virtanen, Nicolas Aube-Kubel, Mike Hoffman - PP : Mike Hoffman, Jake Virtanen - PK : Jamie McGinn
Extra Defensemen
Normal : Joey Laleggia, Taylor Aronson, Gianluca Curcuruto - PP : Joey Laleggia - PK : Joey Laleggia, Taylor Aronson
Penalty Shots
Brendan Perlini, Mike Hoffman, Jake Virtanen, Nicolas Aube-Kubel, Dylan Gambrell
Scratches
Caleb Jones (Healthy), Colby Cave (Healthy), Emil Johansson (Healthy), Jakob Lilja (Healthy), Jesper Pettersson (Healthy)
Mackenze Stewart (Healthy), Mikko Vainonen (Right Leg Injury), Nikolay Prokhorkin (Healthy), Ryan Graves (Healthy), Warren Foegele (Healthy)
Logan O'Connor (Healthy), Nicholas Caamano (Healthy), Jakob Stenqvist (Healthy), Arvid Henrikson (Healthy)
Wolves
5 vs 5 Forward
Center Left Wing Right Wing Time % Phy DF OF
1 Kyle Rau Lawson Crouse Alexandre Grenier 40 1 2 2
2 Sebastian Aho Eric Robinson Thomas Spelling 30 1 2 2
3 Antti Suomela Fredrik Olofsson Victor Olofsson 20 1 2 2
4 Jake Evans Kieffer Bellows Wade Allison 10 1 2 2
5 vs 5 Defense
Defense Defense Time % Phy DF OF
1 Jeffrey Foss Joe Morrow 40 1 2 2
2 Anton Lindholm Jeff Petry 30 1 2 2
3 Jakub Zboril Jalen Chatfield 20 1 2 2
4 Samuel Girard Kale Clague 10 1 2 2
PowerPlay Forward
Center Left Wing Right Wing Time % Phy DF OF
1 Kyle Rau Lawson Crouse Alexandre Grenier 60 1 2 2
2 Sebastian Aho Eric Robinson Thomas Spelling 40 1 2 2
PowerPlay Defense
Defense Defense Time % Phy DF OF
1 Jeffrey Foss Joe Morrow 60 1 2 2
2 Anton Lindholm Jeff Petry 40 1 2 2
Penalty Kill 4 Players Forward
Center Wing Time % Phy DF OF
1 Kyle Rau Lawson Crouse 60 1 2 2
2 Sebastian Aho Eric Robinson 40 1 2 2
Penalty Kill 4 Players Defense
Defense Defense Time % Phy DF OF
1 Jeffrey Foss Joe Morrow 60 1 2 2
2 Anton Lindholm Jeff Petry 40 1 2 2
Penalty Kill - 3 Players Forward
Forward Time % Phy DF OF
1 Kyle Rau 60 1 2 2
2 Sebastian Aho 40 1 2 2
Penalty Kill - 3 Players Defense
Defense Defense Time % Phy DF OF
1 Jeffrey Foss Joe Morrow 60 1 2 2
2 Anton Lindholm Jeff Petry 40 1 2 2
4 vs 4 Forward
Center Wing Time % Phy DF OF
1 Kyle Rau Lawson Crouse 60 1 2 2
2 Sebastian Aho Eric Robinson 40 1 2 2
4 vs 4 Defense
Defense Defense Time % Phy DF OF
1 Jeffrey Foss Joe Morrow 60 1 2 2
2 Anton Lindholm Jeff Petry 40 1 2 2
Last Minutes Offensive
Center Left Wing Right Wing Defense Defense
Kyle Rau Lawson Crouse Alexandre Grenier Jeffrey Foss Joe Morrow
Last Minutes Defensive
Center Left Wing Right Wing Defense Defense
Kyle Rau Lawson Crouse Alexandre Grenier Jeffrey Foss Joe Morrow
Goaltenders
Starting : Laurent Brossoit
Backup : Ebbe Siönäs
Extra Forwards
Normal : Thomas Spelling, Victor Olofsson, Antti Suomela - PP : Thomas Spelling, Victor Olofsson - PK : Thomas Spelling
Extra Defensemen
Normal : Samuel Girard, Kale Clague, Dylan Coghlan - PP : Samuel Girard - PK : Samuel Girard, Kale Clague
Penalty Shots
Alexandre Grenier, Kyle Rau, Sebastian Aho, Lawson Crouse, Thomas Spelling
Scratches
Joona Koppanen (Healthy), Sergei Kostenko (Healthy)
% Time on Ice - Bears
Lines # - Real PCT - Wanted PCT - Time Play
Normal Forward
1 - 30% - 35% - 12:52
2 - 27% - 30% - 11:18
3 - 24% - 20% - 10:22
4 - 19% - 15% - 7:52
Normal Defense
1 - 45% - 40% - 19:11
2 - 30% - 30% - 12:39
3 - 20% - 20% - 8:21
4 - 5% - 10% - 2:13
PP Forward
1 - 55% - 60% - 4:56
2 - 45% - 40% - 4:06
PP Defense
1 - 64% - 60% - 5:49
2 - 36% - 40% - 3:13
PK Forward
1 - 69% - 60% - 4:34
2 - 31% - 40% - 2:05
PK Defense
1 - 62% - 60% - 4:06
2 - 38% - 40% - 2:33
PK3 Forward
1 - 0% - 60%
2 - 0% - 40%
PK3 Defense
1 - 0% - 60%
2 - 0% - 40%
44 Forward
1 - 63% - 55% - 0:56
2 - 37% - 45% - 0:33
44 Defense
1 - 90% - 60% - 1:20
2 - 10% - 40% - 0:09
Last Minute Offensive - 0:26
Last Minute Defensive - 0:00
Total
Forward - 60:00
Defense - 60:00
|
% Time on Ice - Wolves
Lines # - Real PCT - Wanted PCT - Time Play
Normal Forward
1 - 33% - 40% - 13:58
2 - 28% - 30% - 11:56
3 - 24% - 20% - 10:21
4 - 15% - 10% - 6:09
Normal Defense
1 - 43% - 40% - 18:25
2 - 30% - 30% - 12:52
3 - 20% - 20% - 8:21
4 - 7% - 10% - 2:46
PP Forward
1 - 60% - 60% - 4:00
2 - 40% - 40% - 2:39
PP Defense
1 - 60% - 60% - 4:01
2 - 40% - 40% - 2:38
PK Forward
1 - 74% - 60% - 6:42
2 - 26% - 40% - 2:20
PK Defense
1 - 66% - 60% - 6:00
2 - 34% - 40% - 3:02
PK3 Forward
1 - 0% - 60%
2 - 0% - 40%
PK3 Defense
1 - 0% - 60%
2 - 0% - 40%
44 Forward
1 - 100% - 60% - 1:29
2 - 0% - 40% - 0:00
44 Defense
1 - 85% - 60% - 1:16
2 - 15% - 40% - 0:13
Last Minute Offensive - 0:00
Last Minute Defensive - 0:26
Total
Forward - 60:00
Defense - 60:00
|
Play-by-Play
1st period
0:01 of 1st period - Angelo Esposito wins face-off versus Kyle Rau in neutral zone.
0:14 of 1st period - Slapshot by Jake Virtanen.
0:14 of 1st period - Shot Misses the Net.
0:49 of 1st period - Snap shot by Antti Suomela.
0:49 of 1st period - Shot Misses the Net.
0:55 of 1st period - Jeffrey Foss is hit by Austin Wuthrich and loses puck.
1:59 of 1st period - Slapshot by Jamie McGinn.
1:59 of 1st period - Shot Misses the Net.
2:01 of 1st period - Slapshot by Joey Laleggia.
2:01 of 1st period - Stopped by Laurent Brossoit without a rebound.
2:02 of 1st period - Thomas Spelling wins face-off versus Dylan Gambrell in Wolves zone.
2:23 of 1st period - Minor Penalty to Austin Wuthrich for High sticking.
2:24 of 1st period - Kyle Rau wins face-off versus Zach Stepan in Bears zone.
2:27 of 1st period - Wrist shot by Alexandre Grenier.
2:27 of 1st period - Stopped by Jake Allen with a rebound.
2:29 of 1st period - Slapshot by Joe Morrow.
2:29 of 1st period - Shot Misses the Net.
4:23 of 1st period - Penalty to Austin Wuthrich is over, Austin Wuthrich is back on ice.
4:34 of 1st period - Wrist shot by Antti Suomela.
4:34 of 1st period - Shot Blocked by Tommy Vannelli.
5:15 of 1st period - Off-side.
5:16 of 1st period - Dylan Gambrell wins face-off versus Sebastian Aho in neutral zone.
5:27 of 1st period - Slapshot by Brendan Perlini.
5:27 of 1st period - Shot Blocked by Anton Lindholm.
5:29 of 1st period - Wrist shot by Dylan Gambrell.
5:29 of 1st period - Shot Misses the Net.
5:31 of 1st period - Slapshot by Michael Prapavessis.
5:31 of 1st period - Shot Misses the Net.
5:54 of 1st period - Wrist shot by Sebastian Aho.
5:54 of 1st period - Shot Misses the Net.
6:00 of 1st period - Samuel Girard is hit by Kerby Rychel and loses puck.
6:07 of 1st period - Slapshot by Vincent Dunn.
6:07 of 1st period - Shot Blocked by Kale Clague.
6:21 of 1st period - Nicolas Aube-Kubel is hit by Lawson Crouse and loses puck.
7:01 of 1st period - Slapshot by Jake Evans.
7:01 of 1st period - Shot Misses the Net.
7:38 of 1st period - Icing by Kerby Rychel.
7:39 of 1st period - Kyle Rau wins face-off versus Vincent Dunn in Bears zone.
7:42 of 1st period - Backhand shot by Alexandre Grenier.
7:42 of 1st period - Stopped by Jake Allen without a rebound.
7:43 of 1st period - Jamie McGinn wins face-off versus Kyle Rau in Bears zone.
7:52 of 1st period - Slapshot by Zach Stepan.
7:52 of 1st period - Stopped by Laurent Brossoit with a rebound.
7:54 of 1st period - Wrist shot by Jamie McGinn.
7:54 of 1st period - Shot Blocked by Joe Morrow.
7:56 of 1st period - Slapshot by Derek Forbort.
7:56 of 1st period - Deflect By Alexandre Grenier.
7:56 of 1st period - Stopped by Laurent Brossoit without a rebound.
7:57 of 1st period - Kyle Rau wins face-off versus Angelo Esposito in Wolves zone.
8:12 of 1st period - Snap shot by Alexandre Grenier.
8:12 of 1st period - Shot Blocked by Derek Forbort.
8:36 of 1st period - Thomas Spelling is hit by Jamie McGinn and loses puck.
9:11 of 1st period - Snap shot by Jake Evans.
9:11 of 1st period - Shot Blocked by Derek Forbort.
9:19 of 1st period - Snap shot by Mike Hoffman.
9:19 of 1st period - Stopped by Laurent Brossoit without a rebound.
9:20 of 1st period - Kyle Rau wins face-off versus Zach Stepan in Wolves zone.
9:20 of 1st period - Kyle Rau is hit by Nicolas Aube-Kubel.
9:30 of 1st period - Snap shot by Lawson Crouse.
9:30 of 1st period - Shot Misses the Net.
9:32 of 1st period - Slapshot by Joe Morrow.
9:32 of 1st period - Shot Misses the Net.
9:34 of 1st period - Wrist shot by Alexandre Grenier.
9:34 of 1st period - Stopped by Jake Allen without a rebound.
9:35 of 1st period - Sebastian Aho wins face-off versus Angelo Esposito in Bears zone.
9:43 of 1st period - Minor Penalty to Jake Virtanen for Interference.
9:44 of 1st period - Zach Stepan wins face-off versus Lawson Crouse in Bears zone.
11:43 of 1st period - Penalty to Jake Virtanen is over, Jake Virtanen is back on ice.
12:00 of 1st period - Slapshot by Jake Evans.
12:00 of 1st period - Stopped by Jake Allen without a rebound.
12:01 of 1st period - Angelo Esposito wins face-off versus Fredrik Olofsson in Bears zone.
12:28 of 1st period - Brendan Perlini is hit by Kieffer Bellows and loses puck.
12:33 of 1st period - Wrist shot by Jake Evans.
12:33 of 1st period - Stopped by Jake Allen with a rebound.
12:35 of 1st period - Slapshot by Jeffrey Foss.
12:35 of 1st period - Stopped by Jake Allen with a rebound.
12:39 of 1st period - Slapshot by Joe Morrow.
12:39 of 1st period - Deflect By Wade Allison.
12:39 of 1st period - Stopped by Jake Allen without a rebound.
12:40 of 1st period - Zach Stepan wins face-off versus Kyle Rau in Bears zone.
13:48 of 1st period - Wrist shot by Wade Allison.
13:48 of 1st period - Stopped by Jake Allen without a rebound.
13:49 of 1st period - Dylan Gambrell wins face-off versus Jake Evans in Bears zone.
14:04 of 1st period - Wrist shot by Jake Evans.
14:04 of 1st period - Shot Blocked by Joey Laleggia.
14:34 of 1st period - Minor Penalty to Thomas Spelling for Interference.
14:35 of 1st period - Dylan Gambrell wins face-off versus Kyle Rau in Wolves zone.
14:35 of 1st period - Snap shot by Jake Virtanen.
14:35 of 1st period - Shot Misses the Net.
15:08 of 1st period - Snap shot by Nicolas Aube-Kubel.
15:08 of 1st period - Shot Blocked by Jeffrey Foss.
15:10 of 1st period - Wrist shot by Zach Stepan.
15:10 of 1st period - Goal by Zach Stepan - Bears : 1 - Wolves : 0.
15:11 of 1st period - Angelo Esposito wins face-off versus Sebastian Aho in neutral zone.
15:46 of 1st period - Minor Penalty to Taylor Aronson for Hooking.
15:47 of 1st period - Kyle Rau wins face-off versus Zach Stepan in Bears zone.
15:49 of 1st period - Snap shot by Alexandre Grenier.
15:49 of 1st period - Stopped by Jake Allen without a rebound.
15:50 of 1st period - Zach Stepan wins face-off versus Kyle Rau in Bears zone.
16:19 of 1st period - Zach Stepan is hit by Thomas Spelling and loses puck.
16:34 of 1st period - Backhand shot by Jamie McGinn.
16:34 of 1st period - Shot Misses the Net.
17:27 of 1st period - Snap shot by Brendan Perlini.
17:27 of 1st period - Stopped by Laurent Brossoit without a rebound.
17:28 of 1st period - Kyle Rau wins face-off versus Zach Stepan in Wolves zone.
17:33 of 1st period - Zach Stepan is hit by Kyle Rau and loses puck.
17:46 of 1st period - Penalty to Taylor Aronson is over, Taylor Aronson is back on ice.
18:25 of 1st period - Wrist shot by Austin Wuthrich.
18:25 of 1st period - Stopped by Laurent Brossoit with a rebound.
18:27 of 1st period - Snap shot by Austin Wuthrich.
18:27 of 1st period - Shot Blocked by Jakub Zboril.
18:29 of 1st period - Snap shot by Tommy Vannelli.
18:29 of 1st period - Stopped by Laurent Brossoit without a rebound.
18:30 of 1st period - Zach Stepan wins face-off versus Sebastian Aho in Wolves zone.
18:33 of 1st period - Wrist shot by Jamie McGinn.
18:33 of 1st period - Stopped by Laurent Brossoit without a rebound.
18:34 of 1st period - Sebastian Aho wins face-off versus Zach Stepan in Wolves zone.
18:34 of 1st period - Sebastian Aho is hit by Nicolas Aube-Kubel.
18:48 of 1st period - Wrist shot by Nicolas Aube-Kubel.
18:48 of 1st period - Stopped by Laurent Brossoit without a rebound.
18:49 of 1st period - Kyle Rau wins face-off versus Angelo Esposito in Wolves zone.
19:14 of 1st period - Snap shot by Antti Suomela.
19:14 of 1st period - Stopped by Jake Allen with a rebound.
19:16 of 1st period - Slapshot by Fredrik Olofsson.
19:16 of 1st period - Shot Misses the Net.
19:18 of 1st period - Snap shot by Anton Lindholm.
19:18 of 1st period - Stopped by Jake Allen with a rebound.
19:48 of 1st period - Icing by Thomas Spelling.
19:49 of 1st period - Vincent Dunn wins face-off versus Sebastian Aho in Wolves zone.
19:50 of 1st period - Snap shot by Kerby Rychel.
19:50 of 1st period - Stopped by Laurent Brossoit without a rebound.
19:51 of 1st period - Vincent Dunn wins face-off versus Kyle Rau in Wolves zone.
Goals for this period are 1 for Bears vs 0 for Wolves.
Shots for this period are 11 for Bears vs 11 for Wolves.
2nd period
0:01 of 2nd period - Zach Stepan wins face-off versus Kyle Rau in neutral zone.
0:14 of 2nd period - Backhand shot by Jamie McGinn.
0:14 of 2nd period - Stopped by Laurent Brossoit without a rebound.
0:15 of 2nd period - Angelo Esposito wins face-off versus Sebastian Aho in Wolves zone.
0:24 of 2nd period - Snap shot by Jake Virtanen.
0:24 of 2nd period - Shot Misses the Net.
0:26 of 2nd period - Slapshot by Taylor Aronson.
0:26 of 2nd period - Shot Blocked by Thomas Spelling.
0:28 of 2nd period - Slapshot by Joey Laleggia.
0:28 of 2nd period - Shot Misses the Net.
0:30 of 2nd period - Slapshot by Taylor Aronson.
0:30 of 2nd period - Stopped by Laurent Brossoit without a rebound.
0:31 of 2nd period - Kyle Rau wins face-off versus Zach Stepan in Wolves zone.
1:09 of 2nd period - Wrist shot by Jake Virtanen.
1:09 of 2nd period - Stopped by Laurent Brossoit without a rebound.
1:10 of 2nd period - Dylan Gambrell wins face-off versus Alexandre Grenier in Wolves zone.
1:13 of 2nd period - Slapshot by Dylan Gambrell.
1:13 of 2nd period - Stopped by Laurent Brossoit without a rebound.
1:14 of 2nd period - Dylan Gambrell wins face-off versus Kyle Rau in Wolves zone.
1:19 of 2nd period - Wrist shot by Austin Wuthrich.
1:19 of 2nd period - Shot Blocked by Jeff Petry.
1:57 of 2nd period - Minor Penalty to Jeff Petry for Hooking.
1:58 of 2nd period - Kyle Rau wins face-off versus Dylan Gambrell in Wolves zone.
2:05 of 2nd period - Slapshot by Jeffrey Foss.
2:05 of 2nd period - Shot Blocked by Joey Laleggia.
2:15 of 2nd period - Joe Morrow is hit by Jake Virtanen and loses puck.
2:34 of 2nd period - Icing by Nicolas Aube-Kubel.
2:35 of 2nd period - Kyle Rau wins face-off versus Zach Stepan in Bears zone.
2:44 of 2nd period - Wrist shot by Sebastian Aho.
2:44 of 2nd period - Stopped by Jake Allen without a rebound.
2:45 of 2nd period - Dylan Gambrell wins face-off versus Sebastian Aho in Bears zone.
3:12 of 2nd period - Lawson Crouse is hit by Nicolas Aube-Kubel and loses puck.
3:57 of 2nd period - Penalty to Jeff Petry is over, Jeff Petry is back on ice.
5:10 of 2nd period - Michael Prapavessis is hit by Jalen Chatfield and loses puck.
5:50 of 2nd period - Wrist shot by Sebastian Aho.
5:50 of 2nd period - Stopped by Jake Allen without a rebound.
5:51 of 2nd period - Sebastian Aho wins face-off versus Vincent Dunn in Bears zone.
5:52 of 2nd period - Wrist shot by Thomas Spelling.
5:52 of 2nd period - Stopped by Jake Allen with a rebound.
5:54 of 2nd period - Wrist shot by Eric Robinson.
5:54 of 2nd period - Stopped by Jake Allen without a rebound.
5:55 of 2nd period - Sebastian Aho wins face-off versus Angelo Esposito in Bears zone.
5:58 of 2nd period - Wrist shot by Thomas Spelling.
5:58 of 2nd period - Stopped by Jake Allen without a rebound.
5:59 of 2nd period - Angelo Esposito wins face-off versus Kyle Rau in Bears zone.
6:33 of 2nd period - Icing by Tommy Vannelli.
6:34 of 2nd period - Kyle Rau wins face-off versus Zach Stepan in Bears zone.
6:47 of 2nd period - Slapshot by Lawson Crouse.
6:47 of 2nd period - Shot Blocked by Zach Stepan.
6:49 of 2nd period - Wrist shot by Alexandre Grenier.
6:49 of 2nd period - Shot Misses the Net.
7:10 of 2nd period - Minor Penalty to Thomas Spelling for Delaying the game.
7:11 of 2nd period - Dylan Gambrell wins face-off versus Kyle Rau in Wolves zone.
8:15 of 2nd period - Slapshot by Jeffrey Foss.
8:15 of 2nd period - Shot Misses the Net.
8:53 of 2nd period - Mike Hoffman is hit by Kyle Rau and loses puck.
9:10 of 2nd period - Penalty to Thomas Spelling is over, Thomas Spelling is back on ice.
9:32 of 2nd period - Minor Penalty to Brett Bulmer for Hooking.
9:33 of 2nd period - Kyle Rau wins face-off versus Zach Stepan in Bears zone.
9:38 of 2nd period - Wrist shot by Kyle Rau.
9:38 of 2nd period - Stopped by Jake Allen with a rebound.
9:42 of 2nd period - Snap shot by Alexandre Grenier.
9:42 of 2nd period - Stopped by Jake Allen with a rebound.
9:44 of 2nd period - Slapshot by Anton Lindholm.
9:44 of 2nd period - Goal by Anton Lindholm - Bears : 1 - Wolves : 1.
9:45 of 2nd period - Kyle Rau wins face-off versus Angelo Esposito in neutral zone.
10:08 of 2nd period - Minor Penalty to Jeffrey Foss for Goalie Interference.
10:09 of 2nd period - Kyle Rau wins face-off versus Dylan Gambrell in Wolves zone.
10:20 of 2nd period - Slapshot by Mike Hoffman.
10:20 of 2nd period - Deflect By Dylan Gambrell.
10:20 of 2nd period - Stopped by Laurent Brossoit without a rebound.
10:21 of 2nd period - Kyle Rau wins face-off versus Dylan Gambrell in Wolves zone.
10:21 of 2nd period - Kyle Rau is hit by Mike Hoffman.
10:33 of 2nd period - Snap shot by Kyle Rau.
10:33 of 2nd period - Deflect By Lawson Crouse.
10:33 of 2nd period - Stopped by Jake Allen with a rebound.
10:54 of 2nd period - Backhand shot by Zach Stepan.
10:54 of 2nd period - Stopped by Laurent Brossoit without a rebound.
10:55 of 2nd period - Dylan Gambrell wins face-off versus Kyle Rau in Wolves zone.
11:06 of 2nd period - Kyle Rau is hit by Jake Virtanen.
11:48 of 2nd period - Snap shot by Nicolas Aube-Kubel.
11:48 of 2nd period - Stopped by Laurent Brossoit without a rebound.
11:49 of 2nd period - Kyle Rau wins face-off versus Dylan Gambrell in Wolves zone.
12:08 of 2nd period - Penalty to Jeffrey Foss is over, Jeffrey Foss is back on ice.
12:23 of 2nd period - Wrist shot by Kerby Rychel.
12:23 of 2nd period - Stopped by Laurent Brossoit without a rebound.
12:24 of 2nd period - Kyle Rau wins face-off versus Mike Hoffman in Wolves zone.
12:33 of 2nd period - Snap shot by Mike Hoffman.
12:33 of 2nd period - Shot Misses the Net.
12:37 of 2nd period - Wrist shot by Mike Hoffman.
12:37 of 2nd period - Shot Misses the Net.
13:08 of 2nd period - Fredrik Olofsson is hit by Austin Wuthrich and loses puck.
13:13 of 2nd period - Slapshot by Austin Wuthrich.
13:13 of 2nd period - Stopped by Laurent Brossoit with a rebound.
13:15 of 2nd period - Wrist shot by Dylan Gambrell.
13:15 of 2nd period - Goal by Dylan Gambrell - Bears : 2 - Wolves : 1.
13:16 of 2nd period - Kyle Rau wins face-off versus Angelo Esposito in neutral zone.
13:41 of 2nd period - Anton Lindholm is hit by Joey Laleggia and loses puck.
14:06 of 2nd period - Snap shot by Joe Morrow.
14:06 of 2nd period - Deflect By Tommy Vannelli.
14:06 of 2nd period - Stopped by Jake Allen without a rebound.
14:07 of 2nd period - Dylan Gambrell wins face-off versus Kyle Rau in Bears zone.
17:01 of 2nd period - Icing by Anton Lindholm.
17:02 of 2nd period - Dylan Gambrell wins face-off versus Thomas Spelling in Wolves zone.
17:05 of 2nd period - Snap shot by Austin Wuthrich.
17:05 of 2nd period - Stopped by Laurent Brossoit with a rebound.
17:07 of 2nd period - Snap shot by Joey Laleggia.
17:07 of 2nd period - Shot Blocked by Eric Robinson.
17:09 of 2nd period - Slapshot by Taylor Aronson.
17:09 of 2nd period - Shot Blocked by Eric Robinson.
17:11 of 2nd period - Slapshot by Austin Wuthrich.
17:11 of 2nd period - Shot Misses the Net.
17:13 of 2nd period - Wrist shot by Austin Wuthrich.
17:13 of 2nd period - Stopped by Laurent Brossoit with a rebound.
17:15 of 2nd period - Slapshot by Joey Laleggia.
17:15 of 2nd period - Stopped by Laurent Brossoit with a rebound.
17:23 of 2nd period - Tommy Vannelli is hit by Thomas Spelling and loses puck.
17:47 of 2nd period - Slapshot by Jeff Petry.
17:47 of 2nd period - Shot Blocked by Tommy Vannelli.
17:49 of 2nd period - Slapshot by Anton Lindholm.
17:49 of 2nd period - Deflect By Thomas Spelling.
17:49 of 2nd period - Stopped by Jake Allen with a rebound.
18:09 of 2nd period - Snap shot by Dylan Gambrell.
18:09 of 2nd period - Stopped by Laurent Brossoit with a rebound.
18:52 of 2nd period - Slapshot by Jeff Petry.
18:52 of 2nd period - Stopped by Jake Allen without a rebound.
18:53 of 2nd period - Kyle Rau wins face-off versus Angelo Esposito in Bears zone.
19:01 of 2nd period - Icing by Taylor Aronson.
19:02 of 2nd period - Kyle Rau wins face-off versus Angelo Esposito in Bears zone.
19:11 of 2nd period - Lawson Crouse is hit by Jake Virtanen and loses puck.
19:32 of 2nd period - Angelo Esposito is hit by Lawson Crouse and loses puck.
19:49 of 2nd period - Slapshot by Mike Hoffman.
19:49 of 2nd period - Stopped by Laurent Brossoit without a rebound.
19:50 of 2nd period - Antti Suomela wins face-off versus Zach Stepan in Wolves zone.
Goals for this period are 1 for Bears vs 1 for Wolves.
Shots for this period are 15 for Bears vs 12 for Wolves.
3rd period
0:01 of 3rd period - Kyle Rau wins face-off versus Zach Stepan in neutral zone.
0:04 of 3rd period - Joey Laleggia is hit by Joe Morrow and loses puck.
0:13 of 3rd period - Lawson Crouse is hit by Zach Stepan and loses puck.
0:52 of 3rd period - Slapshot by Joey Laleggia.
0:52 of 3rd period - Stopped by Laurent Brossoit without a rebound.
0:53 of 3rd period - Kyle Rau wins face-off versus Vincent Dunn in Wolves zone.
1:06 of 3rd period - Snap shot by Lawson Crouse.
1:06 of 3rd period - Stopped by Jake Allen without a rebound.
1:07 of 3rd period - Kyle Rau wins face-off versus Mike Hoffman in Bears zone.
1:32 of 3rd period - Derek Forbort is hit by Jeffrey Foss and loses puck.
1:37 of 3rd period - Snap shot by Thomas Spelling.
1:37 of 3rd period - Shot Misses the Net.
1:39 of 3rd period - Snap shot by Eric Robinson.
1:39 of 3rd period - Shot Misses the Net.
1:41 of 3rd period - Wrist shot by Sebastian Aho.
1:41 of 3rd period - Deflect By Thomas Spelling.
1:41 of 3rd period - Shot Misses the Net.
1:41 of 3rd period - Puck is out of play.
1:42 of 3rd period - Angelo Esposito wins face-off versus Kyle Rau in Bears zone.
1:53 of 3rd period - Snap shot by Jake Virtanen.
1:53 of 3rd period - Stopped by Laurent Brossoit with a rebound.
2:07 of 3rd period - Minor Penalty to Mike Hoffman for Interference.
2:08 of 3rd period - Kyle Rau wins face-off versus Zach Stepan in Bears zone.
2:13 of 3rd period - Snap shot by Kyle Rau.
2:13 of 3rd period - Shot Misses the Net.
2:37 of 3rd period - Minor Penalty to Lawson Crouse for Tripping.
2:38 of 3rd period - Kyle Rau wins face-off versus Dylan Gambrell in Wolves zone.
2:42 of 3rd period - Off-side.
2:43 of 3rd period - Dylan Gambrell wins face-off versus Kyle Rau in neutral zone.
2:58 of 3rd period - Snap shot by Thomas Spelling.
2:58 of 3rd period - Shot Blocked by Taylor Aronson.
3:24 of 3rd period - Slapshot by Zach Stepan.
3:24 of 3rd period - Deflect By Nicolas Aube-Kubel.
3:24 of 3rd period - Shot Misses the Net.
3:24 of 3rd period - Puck is out of play.
3:25 of 3rd period - Victor Olofsson wins face-off versus Nicolas Aube-Kubel in Wolves zone.
3:31 of 3rd period - Snap shot by Victor Olofsson.
3:31 of 3rd period - Stopped by Jake Allen with a rebound.
3:33 of 3rd period - Snap shot by Victor Olofsson.
3:33 of 3rd period - Goal by Victor Olofsson - Bears : 2 - Wolves : 2.
3:34 of 3rd period - Dylan Gambrell wins face-off versus Kyle Rau in neutral zone.
4:01 of 3rd period - Joey Laleggia is hit by Joe Morrow and loses puck.
4:02 of 3rd period - Joey Laleggia from Bears is injured at 4:02 of 3rd period (Right Knee).
4:03 of 3rd period - Kyle Rau wins face-off versus Dylan Gambrell in Bears zone.
4:07 of 3rd period - Penalty to Mike Hoffman is over, Mike Hoffman is back on ice.
4:18 of 3rd period - Wrist shot by Thomas Spelling.
4:18 of 3rd period - Shot Misses the Net.
4:37 of 3rd period - Penalty to Lawson Crouse is over, Lawson Crouse is back on ice.
4:48 of 3rd period - Wrist shot by Antti Suomela.
4:48 of 3rd period - Stopped by Jake Allen with a rebound.
4:50 of 3rd period - Wrist shot by Anton Lindholm.
4:50 of 3rd period - Stopped by Jake Allen with a rebound.
4:51 of 3rd period - Minor Penalty to Fredrik Olofsson for High sticking.
4:52 of 3rd period - Dylan Gambrell wins face-off versus Kyle Rau in Wolves zone.
4:53 of 3rd period - Backhand shot by Mike Hoffman.
4:53 of 3rd period - Shot Misses the Net.
5:13 of 3rd period - Wrist shot by Zach Stepan.
5:13 of 3rd period - Shot Blocked by Jeffrey Foss.
5:15 of 3rd period - Slapshot by Taylor Aronson.
5:15 of 3rd period - Stopped by Laurent Brossoit with a rebound.
5:17 of 3rd period - Snap shot by Zach Stepan.
5:17 of 3rd period - Shot Misses the Net.
5:19 of 3rd period - Wrist shot by Jamie McGinn.
5:19 of 3rd period - Shot Misses the Net.
6:34 of 3rd period - Taylor Aronson is hit by Joe Morrow and loses puck.
6:51 of 3rd period - Penalty to Fredrik Olofsson is over, Fredrik Olofsson is back on ice.
7:05 of 3rd period - Jeff Petry is hit by Brendan Perlini and loses puck.
7:35 of 3rd period - Kerby Rychel is hit by Jalen Chatfield and loses puck.
7:50 of 3rd period - Victor Olofsson is hit by Derek Forbort and loses puck.
7:55 of 3rd period - Wrist shot by Kerby Rychel.
7:55 of 3rd period - Shot Misses the Net.
7:57 of 3rd period - Snap shot by Vincent Dunn.
7:57 of 3rd period - Shot Misses the Net.
7:59 of 3rd period - Slapshot by Derek Forbort.
7:59 of 3rd period - Shot Misses the Net.
8:01 of 3rd period - Wrist shot by Brett Bulmer.
8:01 of 3rd period - Shot Misses the Net.
8:03 of 3rd period - Slapshot by Brett Bulmer.
8:03 of 3rd period - Stopped by Laurent Brossoit with a rebound.
8:05 of 3rd period - Slapshot by Kerby Rychel.
8:05 of 3rd period - Shot Blocked by Antti Suomela.
8:07 of 3rd period - Wrist shot by Kerby Rychel.
8:07 of 3rd period - Stopped by Laurent Brossoit with a rebound.
8:19 of 3rd period - Slapshot by Kerby Rychel.
8:19 of 3rd period - Stopped by Laurent Brossoit without a rebound.
8:20 of 3rd period - Jamie McGinn wins face-off versus Kyle Rau in Wolves zone.
8:21 of 3rd period - Wrist shot by Zach Stepan.
8:21 of 3rd period - Stopped by Laurent Brossoit with a rebound.
8:23 of 3rd period - Slapshot by Zach Stepan.
8:23 of 3rd period - Shot Misses the Net.
8:25 of 3rd period - Slapshot by Gianluca Curcuruto.
8:25 of 3rd period - Deflect By Joe Morrow.
8:25 of 3rd period - Stopped by Laurent Brossoit with a rebound.
8:47 of 3rd period - Angelo Esposito is hit by Jeffrey Foss and loses puck.
9:02 of 3rd period - Icing by Mike Hoffman.
9:03 of 3rd period - Kieffer Bellows wins face-off versus Dylan Gambrell in Bears zone.
10:17 of 3rd period - Jeffrey Foss is hit by Brett Bulmer and loses puck.
10:44 of 3rd period - Jeffrey Foss is hit by Austin Wuthrich and loses puck.
11:58 of 3rd period - Wrist shot by Zach Stepan.
11:58 of 3rd period - Shot Misses the Net.
12:28 of 3rd period - Slapshot by Sebastian Aho.
12:28 of 3rd period - Deflect By Thomas Spelling.
12:28 of 3rd period - Stopped by Jake Allen without a rebound.
12:29 of 3rd period - Dylan Gambrell wins face-off versus Antti Suomela in Bears zone.
12:29 of 3rd period - Dylan Gambrell is hit by Joe Morrow.
12:35 of 3rd period - Fredrik Olofsson is hit by Derek Forbort and loses puck.
12:42 of 3rd period - Jakub Zboril is hit by Austin Wuthrich and loses puck.
13:26 of 3rd period - Joe Morrow is hit by Nicolas Aube-Kubel and loses puck.
13:37 of 3rd period - Joe Morrow is hit by Kerby Rychel.
14:02 of 3rd period - Slapshot by Jeff Petry.
14:02 of 3rd period - Deflect By Antti Suomela.
14:02 of 3rd period - Stopped by Jake Allen without a rebound.
14:03 of 3rd period - Brendan Perlini wins face-off versus Kyle Rau in Bears zone.
14:16 of 3rd period - Alexandre Grenier is hit by Dylan Gambrell and loses puck.
14:56 of 3rd period - Snap shot by Sebastian Aho.
14:56 of 3rd period - Stopped by Jake Allen with a rebound.
15:24 of 3rd period - Jeffrey Foss is hit by Derek Forbort and loses puck.
15:37 of 3rd period - Jeffrey Foss is hit by Angelo Esposito and loses puck.
16:01 of 3rd period - Kyle Rau is hit by Austin Wuthrich and loses puck.
16:12 of 3rd period - Michael Prapavessis is hit by Eric Robinson and loses puck.
16:17 of 3rd period - Snap shot by Sebastian Aho.
16:17 of 3rd period - Stopped by Jake Allen with a rebound.
16:29 of 3rd period - Vincent Dunn is hit by Antti Suomela and loses puck.
16:34 of 3rd period - Snap shot by Victor Olofsson.
16:34 of 3rd period - Stopped by Jake Allen without a rebound.
16:35 of 3rd period - Antti Suomela wins face-off versus Dylan Gambrell in Bears zone.
16:52 of 3rd period - Antti Suomela is hit by Austin Wuthrich and loses puck.
17:07 of 3rd period - Wrist shot by Thomas Spelling.
17:07 of 3rd period - Goal by Thomas Spelling - Bears : 2 - Wolves : 3.
17:08 of 3rd period - Antti Suomela wins face-off versus Vincent Dunn in neutral zone.
17:11 of 3rd period - Slapshot by Jeffrey Foss.
17:11 of 3rd period - Shot Misses the Net.
17:13 of 3rd period - Slapshot by Victor Olofsson.
17:13 of 3rd period - Shot Blocked by Tommy Vannelli.
17:17 of 3rd period - Wrist shot by Antti Suomela.
17:17 of 3rd period - Stopped by Jake Allen with a rebound.
17:33 of 3rd period - Jeffrey Foss is hit by Dylan Gambrell.
17:41 of 3rd period - Wrist shot by Brendan Perlini.
17:41 of 3rd period - Stopped by Laurent Brossoit with a rebound.
17:43 of 3rd period - Snap shot by Dylan Gambrell.
17:43 of 3rd period - Shot Misses the Net.
17:45 of 3rd period - Backhand shot by Michael Prapavessis.
17:45 of 3rd period - Shot Blocked by Joe Morrow.
17:52 of 3rd period - Icing by Jeffrey Foss.
17:53 of 3rd period - Angelo Esposito wins face-off versus Kyle Rau in Wolves zone.
17:54 of 3rd period - Snap shot by Jake Virtanen.
17:54 of 3rd period - Shot Misses the Net.
17:56 of 3rd period - Slapshot by Derek Forbort.
17:56 of 3rd period - Shot Misses the Net.
18:58 of 3rd period - Wrist shot by Antti Suomela.
18:58 of 3rd period - Shot Blocked by Gianluca Curcuruto.
19:31 of 3rd period - Bears, Jake Allen is pulled from the net.
19:33 of 3rd period - Snap shot by Nicolas Aube-Kubel.
19:33 of 3rd period - Stopped by Laurent Brossoit without a rebound.
19:34 of 3rd period - Gerard Gallant call a timeout for Bears.
19:34 of 3rd period - Dylan Gambrell wins face-off versus Kyle Rau in Wolves zone.
Goals for this period are 0 for Bears vs 2 for Wolves.
Shots for this period are 10 for Bears vs 12 for Wolves.